| TOP OF THE 1ST |
|
St. Louis Cardinals batting - Pitching for Minnesota Twins : RHP Pedro Astacio
|
|
Pitching: RHP Pedro Astacio
|
|
|
Batting: LHB Steve Finley
|
0-0: Called Strike 0-1: Called Strike 0-2: Strikes out swinging
|
|
Batting: RHB Jay Bell
|
0-0: Ball 1-0: Called Strike 1-1: Ball 2-1: Ball 3-1: SINGLE (Line Drive, 8RS, EV 91.9 MPH)
|
|
Batting: LHB Brian S Giles
|
0-0: Called Strike Jay Bell steals 2nd base 0-1: Ball 1-1: Ball 2-1: SINGLE (Line Drive, 8RS, EV 102.5 MPH) Jay Bell to third
|
|
Batting: RHB Ivan Calderon
|
0-0: Ball 1-0: Foul Ball, location: 2F 1-1: TRIPLE (Flyball, 9D, EV 92.5 MPH) Jay Bell scores Brian S Giles scores
|
|
Batting: LHB Karim Garcia
|
0-0: Ball Wild Pitch! Ivan Calderon scores 1-0: Ball 2-0: Swinging Strike 2-1: SINGLE (Groundball, 34D, EV 102.5 MPH) (infield hit)
|
|
Batting: RHB John Valentin
|
0-0: Called Strike 0-1: Ball 1-1: Grounds into double play, 4-6-3 (Groundball, 4, EV 78.8 MPH)
|
| Top of the 1st over - 3 runs, 4 hits, 0 errors, 0 left on base; St. Louis 3 - Minnesota 0 |
| BOTTOM OF THE 1ST |
|
Minnesota Twins batting - Pitching for St. Louis Cardinals : LHP Allan Anderson
|
|
Pitching: LHP Allan Anderson
|
|
|
Batting: LHB Darin Erstad
|
0-0: Called Strike 0-1: Bunted foul 0-2: Ball 1-2: Foul Ball, location: 2F 1-2: Ball 2-2: Foul Ball, location: 2F 2-2: Foul Ball, location: 2F 2-2: Foul Ball, location: 2F 2-2: Ground out 6-3 (Groundball, 6D, EV 103.1 MPH)
|
|
Batting: LHB Kal Daniels
|
0-0: Ball 1-0: Swinging Strike 1-1: Foul Ball, location: 2F 1-2: Ball 2-2: Foul Ball, location: 2F 2-2: Fly out, F2 (Popup, 25F, EV 80.0 MPH)
|
|
Batting: RHB Frank Thomas
|
0-0: Ball 1-0: Ball 2-0: Called Strike 2-1: Called Strike 2-2: Fly out, F8 (Flyball, 8RXD, EV 103.8 MPH)
|
| Bottom of the 1st over - 0 runs, 0 hits, 0 errors, 0 left on base; St. Louis 3 - Minnesota 0 |
| TOP OF THE 2ND |
|
St. Louis Cardinals batting - Pitching for Minnesota Twins : RHP Pedro Astacio
|
|
Batting: RHB Dickie Thon
|
0-0: Foul Ball, location: 2F 0-1: Foul Ball, location: 2F 0-2: Ball 1-2: Ball 2-2: Ball 3-2: SINGLE (Line Drive, 56D, EV 97.5 MPH)
|
|
Batting: RHB Damian Miller
|
0-0: Ball 1-0: Foul Ball, location: 2F 1-1: Foul Ball, location: 2F 1-2: Strikes out looking
|
|
Batting: SHB Stan Javier
|
0-0: Called Strike 0-1: Ball Dickie Thon steals 2nd base 1-1: Foul Ball, location: 2F 1-2: Ground out 3-1 (Groundball, 34, EV 99.4 MPH) Dickie Thon to third
|
|
Batting: LHB Steve Finley
|
0-0: Ball 1-0: Ball 2-0: Called Strike 2-1: Ground out 3-1 (Groundball, 34, EV 81.9 MPH)
|
| Top of the 2nd over - 0 runs, 1 hit, 0 errors, 1 left on base; St. Louis 3 - Minnesota 0 |
| BOTTOM OF THE 2ND |
|
Minnesota Twins batting - Pitching for St. Louis Cardinals : LHP Allan Anderson
|
|
Batting: LHB Larry Walker
|
0-0: Ball 1-0: DOUBLE (Line Drive, 78M, EV 92.5 MPH)
|
|
Batting: RHB Koji Akiyama
|
0-0: Called Strike 0-1: Ball 1-1: Fly out, F7 (Flyball, 78D, EV 83.1 MPH) Runner from 2nd tags up, SAFE at 3rd with throw by LF
|
|
Batting: RHB Brook Fordyce
|
0-0: Ball 1-0: Ball 2-0: Ground out 6-3 (Groundball, 6, EV 106.3 MPH) Larry Walker scores
|
|
Batting: SHB Brent Gates
|
0-0: Ball 1-0: Ball 2-0: Ball 3-0: Called Strike 3-1: Base on Balls
|
|
Batting: RHB Mark Grudzielanek
|
0-0: Called Strike 0-1: Ball Wild Pitch! Brent Gates to second 1-1: Ground out 6-3 (Groundball, 6, EV 85.0 MPH)
|
| Bottom of the 2nd over - 1 run, 1 hit, 0 errors, 1 left on base; St. Louis 3 - Minnesota 1 |
| TOP OF THE 3RD |
|
St. Louis Cardinals batting - Pitching for Minnesota Twins : RHP Pedro Astacio
|
|
Batting: RHB Jay Bell
|
0-0: Foul Ball, location: 2F 0-1: Called Strike 0-2: Strikes out swinging
|
|
Batting: LHB Brian S Giles
|
0-0: DOUBLE (Groundball, 3L, EV 101.9 MPH)
|
|
Batting: RHB Ivan Calderon
|
0-0: Ball 1-0: Called Strike 1-1: Foul Ball, location: 2F 1-2: Ball 2-2: Strikes out looking
|
|
Batting: LHB Karim Garcia
|
0-0: Ball 1-0: Fly out, F5 (Popup, 56, EV 76.3 MPH)
|
| Top of the 3rd over - 0 runs, 1 hit, 0 errors, 1 left on base; St. Louis 3 - Minnesota 1 |
| BOTTOM OF THE 3RD |
|
Minnesota Twins batting - Pitching for St. Louis Cardinals : LHP Allan Anderson
|
|
Batting: RHB Rey Ordonez
|
0-0: Swinging Strike 0-1: Ball 1-1: Bunt for hit to 15 - play at first, batter OUT! 1-3
|
|
Batting: LHB Darin Erstad
|
0-0: Called Strike 0-1: Fly out, F8 (Flyball, 8LS, EV 93.1 MPH)
|
|
Batting: LHB Kal Daniels
|
0-0: Swinging Strike 0-1: SOLO HOME RUN (Flyball, 7D, EV 99.4 MPH), Distance : 368 ft
|
|
Batting: RHB Frank Thomas
|
0-0: Foul Ball, location: 2F 0-1: Ball 1-1: Ball 2-1: Fly out, F8 (Flyball, 78D, EV 85.0 MPH)
|
| Bottom of the 3rd over - 1 run, 1 hit, 0 errors, 0 left on base; St. Louis 3 - Minnesota 2 |
| TOP OF THE 4TH |
|
St. Louis Cardinals batting - Pitching for Minnesota Twins : RHP Pedro Astacio
|
|
Batting: RHB John Valentin
|
0-0: SINGLE (Groundball, 4, EV 79.4 MPH) (infield hit)
|
|
Batting: RHB Dickie Thon
|
0-0: Bunted foul 0-1: Ball 1-1: Bunt missed! 1-2: Foul Ball, location: 2F 1-2: Ball 2-2: Ball 3-2: Strikes out swinging
|
|
Batting: RHB Damian Miller
|
0-0: Called Strike 0-1: Ball 1-1: Ball 2-1: Called Strike 2-2: Ball 3-2: Strikes out swinging
|
|
Batting: SHB Stan Javier
|
0-0: Foul Ball, location: 2F 0-1: Ball 1-1: Called Strike 1-2: Strikes out looking
|
| Top of the 4th over - 0 runs, 1 hit, 0 errors, 1 left on base; St. Louis 3 - Minnesota 2 |
| BOTTOM OF THE 4TH |
|
Minnesota Twins batting - Pitching for St. Louis Cardinals : LHP Allan Anderson
|
|
Batting: LHB Larry Walker
|
0-0: Called Strike 0-1: Foul Ball, location: 2F 0-2: Ball 1-2: Strikes out swinging
|
|
Batting: RHB Koji Akiyama
|
0-0: Ball 1-0: Ball 2-0: Ground out 5-3 (Groundball, 56S, EV 85.0 MPH)
|
|
Batting: RHB Brook Fordyce
|
0-0: Ball 1-0: DOUBLE (Groundball, 5L, EV 100.0 MPH)
|
|
Batting: SHB Brent Gates
|
0-0: Ball 1-0: Foul Ball, location: 2F 1-1: Fly out, F8 (Flyball, 8LS, EV 85.6 MPH)
|
| Bottom of the 4th over - 0 runs, 1 hit, 0 errors, 1 left on base; St. Louis 3 - Minnesota 2 |
| TOP OF THE 5TH |
|
St. Louis Cardinals batting - Pitching for Minnesota Twins : RHP Pedro Astacio
|
|
Batting: LHB Steve Finley
|
0-0: Called Strike 0-1: Ball 1-1: Bunt for hit to 15 - play at first, batter OUT! 1-3
|
|
Batting: RHB Jay Bell
|
0-0: Ball 1-0: Ground out 6-3 (Groundball, 6, EV 86.9 MPH)
|
|
Batting: LHB Brian S Giles
|
0-0: Called Strike 0-1: Called Strike 0-2: Fly out, F5 (Line Drive, 5, EV 68.8 MPH)
|
| Top of the 5th over - 0 runs, 0 hits, 0 errors, 0 left on base; St. Louis 3 - Minnesota 2 |
| BOTTOM OF THE 5TH |
|
Minnesota Twins batting - Pitching for St. Louis Cardinals : LHP Allan Anderson
|
|
Batting: RHB Mark Grudzielanek
|
0-0: Called Strike 0-1: Fly out, F7 (Flyball, 7D, EV 91.9 MPH)
|
|
Batting: RHB Rey Ordonez
|
0-0: Ball 1-0: Ground out 6-3 (Groundball, 6, EV 100.0 MPH)
|
|
Batting: LHB Darin Erstad
|
0-0: Ball 1-0: Reached on error, E2 (Groundball, 2R, EV 60.0 MPH)
|
|
Batting: LHB Kal Daniels
|
Pickoff Throw to First - Out! 1-3
|
| Bottom of the 5th over - 0 runs, 0 hits, 1 error, 0 left on base; St. Louis 3 - Minnesota 2 |
| TOP OF THE 6TH |
|
St. Louis Cardinals batting - Pitching for Minnesota Twins : RHP Pedro Astacio
|
|
Batting: RHB Ivan Calderon
|
0-0: Ball 1-0: Ball 2-0: Ball 3-0: Foul Ball, location: 2F 3-1: Ground out 5-3 (Groundball, 56, EV 86.9 MPH)
|
|
Batting: LHB Karim Garcia
|
0-0: Fly out, F8 (Flyball, 8LM, EV 91.3 MPH)
|
|
Batting: RHB John Valentin
|
0-0: Ball 1-0: Called Strike 1-1: Ball 2-1: Called Strike 2-2: Ball 3-2: Base on Balls
|
|
Batting: RHB Dickie Thon
|
0-0: Called Strike John Valentin is caught stealing 2nd base 2-4
|
| Top of the 6th over - 0 runs, 0 hits, 0 errors, 0 left on base; St. Louis 3 - Minnesota 2 |
| BOTTOM OF THE 6TH |
|
Minnesota Twins batting - Pitching for St. Louis Cardinals : LHP Allan Anderson
|
|
Batting: LHB Kal Daniels
|
0-0: Ball 1-0: Foul Ball, location: 2F 1-1: Swinging Strike 1-2: Foul Ball, location: 2F 1-2: SINGLE (Line Drive, 6MD, EV 108.1 MPH)
|
|
Batting: RHB Frank Thomas
|
0-0: Ball 1-0: Called Strike Kal Daniels steals 2nd base 1-1: Ball 2-1: Ball 3-1: Called Strike 3-2: Base on Balls
|
|
Batting: LHB Larry Walker
|
0-0: Swinging Strike 0-1: Called Strike 0-2: DOUBLE (Line Drive, 89D, EV 99.4 MPH) Kal Daniels scores Frank Thomas to third
|
|
Batting: RHB Koji Akiyama
|
0-0: Ball 1-0: Ground out 6-3 (Groundball, 6, EV 85.6 MPH)
|
|
Batting: RHB Brook Fordyce
|
0-0: Fly out, F9 (Flyball, 9S, EV 88.8 MPH)
|
|
Batting: SHB Brent Gates
|
0-0: Ball 1-0: Swinging Strike 1-1: Ball 2-1: Ground out 6-3 (Groundball, 6, EV 107.5 MPH)
|
| Bottom of the 6th over - 1 run, 2 hits, 0 errors, 2 left on base; St. Louis 3 - Minnesota 3 |
| TOP OF THE 7TH |
|
St. Louis Cardinals batting - Pitching for Minnesota Twins : RHP Pedro Astacio
|
|
Batting: RHB Dickie Thon
|
0-0: Swinging Strike 0-1: Ball 1-1: Ball 2-1: Ball 3-1: Base on Balls
|
|
Batting: RHB Damian Miller
|
0-0: Called Strike 0-1: Ball 1-1: Called Strike Dickie Thon steals 2nd base 1-2: Ball 2-2: Fly out, F8 (Line Drive, 8RM, EV 90.6 MPH)
|
|
Batting: SHB Stan Javier
|
0-0: Ball 1-0: Ball 2-0: Ball 3-0: Foul Ball, location: 2F 3-1: Foul Ball, location: 2F 3-2: Foul Ball, location: 2F 3-2: Strikes out swinging
|
|
Batting: LHB Steve Finley
|
0-0: Ball Passed Ball! Dickie Thon to third 1-0: Foul Ball, location: 2F 1-1: TRIPLE (Line Drive, 8RXD, EV 101.3 MPH) Dickie Thon scores
|
|
Pitching: RHP Trevor Hoffman
|
|
|
Batting: RHB Jay Bell
|
0-0: Ball 1-0: Swinging Strike 1-1: Foul Ball, location: 2F 1-2: Foul Ball, location: 2F 1-2: Ball 2-2: Fly out, F8 (Flyball, 8RM, EV 89.4 MPH)
|
| Top of the 7th over - 1 run, 1 hit, 0 errors, 1 left on base; St. Louis 4 - Minnesota 3 |
| BOTTOM OF THE 7TH |
|
Minnesota Twins batting - Pitching for St. Louis Cardinals : LHP Allan Anderson
|
|
Batting: RHB Mark Grudzielanek
|
0-0: Ball 1-0: Called Strike 1-1: Foul Ball, location: 2F 1-2: Fly out, F9 (Line Drive, 9, EV 91.9 MPH)
|
|
Pitching: RHP Mariano Rivera
|
|
|
Batting: RHB Rey Ordonez
|
0-0: Ball 1-0: Swinging Strike 1-1: SINGLE (Line Drive, 7LS, EV 92.5 MPH)
|
|
Batting: LHB Darin Erstad
|
0-0: Called Strike 0-1: Called Strike 0-2: Ball 1-2: Fielders Choice at 2nd, 4-6 (Groundball, 34, EV 104.4 MPH)
|
|
Batting: LHB Kal Daniels
|
0-0: Foul Ball, location: 2F 0-1: Ball 1-1: Ground out 4-3 (Groundball, 4, EV 100.6 MPH)
|
| Bottom of the 7th over - 0 runs, 1 hit, 0 errors, 1 left on base; St. Louis 4 - Minnesota 3 |
| TOP OF THE 8TH |
|
St. Louis Cardinals batting - Pitching for Minnesota Twins : RHP Trevor Hoffman
|
|
Batting: LHB Brian S Giles
|
0-0: Swinging Strike 0-1: Ball 1-1: Ball 2-1: Foul Ball, location: 2F 2-2: Strikes out swinging
|
|
Batting: RHB Ivan Calderon
|
0-0: Called Strike 0-1: SINGLE (Groundball, 6MD, EV 115.0 MPH)
|
|
Batting: LHB Karim Garcia
|
0-0: Ball Ivan Calderon is caught stealing 2nd base 2-6 1-0: Ball 2-0: Ball 3-0: Base on Balls
|
|
Batting: RHB John Valentin
|
0-0: Called Strike 0-1: DOUBLE (Line Drive, 3D, EV 99.4 MPH) Karim Garcia to third Throwing error, E9 Karim Garcia scores John Valentin to third
|
|
Batting: RHB Dickie Thon
|
0-0: Called Strike 0-1: Ball 1-1: Ball 2-1: Swinging Strike 2-2: SINGLE (Groundball, 6D, EV 109.4 MPH) John Valentin scores
|
|
Batting: RHB Damian Miller
|
0-0: Called Strike 0-1: Ball 1-1: Ball 2-1: Swinging Strike 2-2: Foul Ball, location: 2F 2-2: Foul Ball, location: 2F 2-2: SINGLE (Line Drive, 89M, EV 95.6 MPH) Dickie Thon to second Dickie Thon to third
|
|
Batting: SHB Stan Javier
|
0-0: SINGLE (Groundball, 34D, EV 98.1 MPH) Dickie Thon scores Damian Miller to second Runner from 2nd tries for 3rd, OUT! 9-5
|
| Top of the 8th over - 3 runs, 5 hits, 1 error, 1 left on base; St. Louis 7 - Minnesota 3 |
| BOTTOM OF THE 8TH |
|
Minnesota Twins batting - Pitching for St. Louis Cardinals : RHP Mariano Rivera
|
|
Batting: RHB Frank Thomas
|
0-0: Ball 1-0: Swinging Strike 1-1: SINGLE (Flyball, 89S, EV 86.9 MPH)
|
|
Batting: LHB Larry Walker
|
0-0: Foul Ball, location: 2F 0-1: Foul Ball, location: 2F 0-2: Ball 1-2: Foul Ball, location: 2F 1-2: Ball 2-2: Strikes out looking
|
|
Batting: RHB Koji Akiyama
|
0-0: Called Strike 0-1: Swinging Strike 0-2: Strikes out looking
|
|
Batting: RHB Brook Fordyce
|
0-0: Ball 1-0: Called Strike 1-1: Foul Ball, location: 2F 1-2: Strikes out swinging
|
| Bottom of the 8th over - 0 runs, 1 hit, 0 errors, 1 left on base; St. Louis 7 - Minnesota 3 |
| TOP OF THE 9TH |
|
St. Louis Cardinals batting - Pitching for Minnesota Twins : RHP Trevor Hoffman
|
|
Pitching: RHP Rob Dibble
|
|
|
Batting: LHB Steve Finley
|
0-0: Foul Ball, location: 2F 0-1: Ball 1-1: Swinging Strike 1-2: Foul Ball, location: 2F 1-2: Ball 2-2: Strikes out swinging
|
|
Batting: RHB Jay Bell
|
0-0: Foul Ball, location: 2F 0-1: Called Strike 0-2: Ball 1-2: Foul Ball, location: 2F 1-2: Strikes out swinging
|
|
Batting: LHB Brian S Giles
|
0-0: Ball 1-0: Ball 2-0: SOLO HOME RUN (Flyball, 89XD, EV 107.5 MPH), Distance : 403 ft
|
|
Batting: RHB Ivan Calderon
|
0-0: Ball 1-0: Foul Ball, location: 2F 1-1: Called Strike 1-2: Ground out 4-3 (Groundball, 4, EV 107.5 MPH)
|
| Top of the 9th over - 1 run, 1 hit, 0 errors, 0 left on base; St. Louis 8 - Minnesota 3 |
| BOTTOM OF THE 9TH |
|
Minnesota Twins batting - Pitching for St. Louis Cardinals : RHP Mariano Rivera
|
|
Batting: SHB Brent Gates
|
0-0: Ball 1-0: Called Strike 1-1: Ball 2-1: Foul Ball, location: 2F 2-2: Ball 3-2: Base on Balls
|
|
Pitching: RHP Rusty Meacham
|
|
|
Batting: RHB Mark Grudzielanek
|
0-0: Fly out, F7 (Flyball, 7LMF, EV 85.0 MPH)
|
|
Batting: RHB Rey Ordonez
|
0-0: Fly out, F5 (Popup, 56S, EV 66.9 MPH)
|
|
Batting: LHB Darin Erstad
|
0-0: Swinging Strike 0-1: Fly out, F6 (Popup, 56, EV 63.1 MPH)
|
| Bottom of the 9th over - 0 runs, 0 hits, 0 errors, 1 left on base; St. Louis 8 - Minnesota 3 |
|